 Seeded DCSS version 0.30-a0-187-gd9c2deaf24 (webtiles) character file.

Game seed: 20221005 (custom seed)

36 a11behringer the Shield-Bearer (level 3, 0/30 HPs)
             Began as a Formicid Fighter on Oct 3, 2022.
             Frozen to death by an endoplasm (4 damage)
             ... on level 2 of the Dungeon.
             The game lasted 00:03:30 (861 turns).

a11behringer the Shield-Bearer (Formicid Fighter)    Turns: 861, Time: 00:03:31

Health: 0/30       AC:  6    Str: 22    XL:     3   Next: 57%
Magic:  0/3        EV:  9    Int:  7    God:
Gold:   12         SH:  5    Dex: 13    Spells: 2/2 levels left

rFire   . . .      SeeInvis +    a - +0 flail
rCold   . . .      Faith    .    c - +0 buckler
rNeg    . . .      Spirit   +    b - +0 scale mail
rPois   .          Reflect  .    (helmet unavailable)
rElec   .          Harm     .    (no cloak)
rCorr   .          Rampage  .    (no gloves)
Will    .....                    (no boots)
Stlth   ..........               j - amulet of guardian spirit
HPRegen 0.25/turn                (no ring)
MPRegen 0.08/turn                (no ring)

@: no status effects
A: permanent stasis, dig shafts and tunnels, antennae 3, four strong arms
a: Dig, Shaft Self


You were on level 2 of the Dungeon.
You visited 1 branch of the dungeon, and saw 2 of its levels.

You collected 12 gold pieces.

Inventory:

Hand Weapons
 a - a +0 flail (weapon)
Armour
 b - a +0 scale mail (worn)
 c - a +0 buckler (worn)
Jewellery
 j - an amulet of guardian spirit (around neck)
Scrolls
 e - 2 scrolls of teleportation {unknown}
 f - a scroll of identify {unknown}
 g - a scroll of enchant armour {unknown}
 h - a scroll of noise {unknown}
Potions
 d - a potion of might
 i - a potion of cancellation {unknown}
 k - a potion of curing {unknown}


   Skills:
 + Level 3.7 Fighting
 * Level 2.5 Maces & Flails
 + Level 3.6 Armour
 * Level 4.5 Shields


You had 2 spell levels left.
You didn't know any spells.
Your spell library was empty.

Dungeon Overview and Level Annotations

Branches:
Dungeon (2/15)

Altars:


Innate Abilities, Weirdness & Mutations

You cannot be hasted, slowed, berserked, paralysed or teleported.
You can dig through walls and to a lower floor.
You have a pair of large antennae on your head. (SInv)
Your four strong arms can wield two-handed weapons with a shield.


Message History

You hit the rat.
The rat is heavily wounded.
The kobold hits you but does no damage. The rat bites you but does no damage.
You sock the rat!
You kill the rat!
The kobold barely misses you. The kobold hits you with a +0 dagger.
The endoplasm hits you but does no damage.
The worm bites you but does no damage. The kobold hits you with a +0 dagger.
The endoplasm freezes you.
You are frozen.
Things that are here:
a rat corpse; a quokka corpse You barely miss the kobold.
The kobold is moderately wounded.
The kobold barely misses you. The endoplasm freezes you.
You are frozen.
The worm bites you.
You hit the kobold.
The kobold is severely wounded.
You block the kobold's attack. The endoplasm barely misses you.
The worm bites you.
You hit the kobold.
You kill the kobold!
The endoplasm hits you but does no damage.
The endoplasm completely misses you.
You barely miss the endoplasm. The worm misses you. The endoplasm freezes you.
You are frozen.
You hit the endoplasm.
The endoplasm is moderately wounded.
The endoplasm freezes you.
You are frozen.
The worm bites you!
* * * LOW HITPOINT WARNING * * *
You hit the endoplasm.
The endoplasm is severely wounded.
You block the endoplasm's attack. The worm bites you.
* * * LOW HITPOINT WARNING * * *
The endoplasm freezes you.
You are frozen.
You die...

####...##.
..........
#.#......# ..
#.#?....
...####.....
..........#
#.....#
#.##w.####
#.##@)...#
#..<.J...#
#....#.....#
#..#...........
#......#.....##
..............
................
........ ..###..
........ ### ..


You could see a worm and an endoplasm.

Vanquished Creatures
  A dart slug (D:1)
  3 ball pythons (D:1)
  3 endoplasms (D:1)
  A giant cockroach (D:1)
  2 goblins (D:1)
  A hobgoblin (D:1)
  4 jackals (D:1)
  3 kobolds
  2 quokkas
  3 bats (D:1)
  5 frilled lizards (D:1)
  5 rats
33 creatures vanquished.

Notes
Turn   | Place    | Note
-------+----------+-------------------------------------------
     0 | D:1      | a11behringer the Formicid Fighter began the quest for the
                  | Orb.
     0 | D:1      | Reached XP level 1. HP: 18/18 MP: 1/1
    76 | D:1      | Reached XP level 2. HP: 10/24 MP: 2/2
   310 | D:1      | Reached XP level 3. HP: 28/29 MP: 3/3
   861 | D:2      | Frozen to death by an endoplasm

Illustrated notes

Levels and vault maps discovered:
D:1:      sevenhm_arrival_forest_fort_small_1, layout_loops_cross
D:2:      layout_rooms, serial_shops, shop, nicolae_figureground_pulse,
          uniq_robin

Action                   || total
-------------------------++-------
Melee: Flail             ||   102
 Abil: Dig               ||     2
Armor: Scale mail        ||    81
Dodge: Dodged            ||    71
Block: Buckler           ||    35

Table legend: (Time is in decaauts)
 A = Elapsed time spent in this place.
 B = Non-inter-level travel time spent in this place.
 C = Inter-level travel time spent in this place.
 D = Time resting spent in this place.
 E = Time spent auto-exploring this place.
 F = Levels seen in this place.
 G = Mean time per level.
                   A        B        C        D        E       F      G
               +--------+--------+--------+--------+--------+-----+--------+
         Total |    896 |    806 |     90 |      0 |    570 |   2 |  448.0 |
       Dungeon |    896 |    806 |     90 |      0 |    570 |   2 |  448.0 |
               +--------+--------+--------+--------+--------+-----+--------+

Top non-repeatable levels by time:
     D:1: 871 daAuts
     D:2: 24 daAuts
